 Dungeon Crawl Stone Soup version 0.30-a0-12-gd8047c6341 (webtiles) character file.

Game seed: 14009662761858570924

368 xian the Sneak (level 6, -3/51 HPs)
             Began as a Draconian Brigand on Aug 23, 2022.
             Slain by Edmund
             ... wielding a +4 flail of protection
              (10 damage)
             ... on level 4 of the Dungeon.
             The game lasted 00:07:22 (2594 turns).

xian the Sneak (Draconian Brigand)                  Turns: 2594, Time: 00:07:23

Health: -3/51      AC:  9    Str: 15    XL:     6   Next: 41%
Magic:  6/6        EV: 12    Int: 11    God:
Gold:   80         SH:  0    Dex: 13    Spells: 5/5 levels left

rFire   . . .      SeeInvis .    a - +2 dagger
rCold   . . .      Faith    .    (no shield)
rNeg    . . .      Spirit   .    (body armour unavailable)
rPois   .          Reflect  .    (helmet restricted)
rElec   .          Harm     .    A - +0 cloak {rCorr}
rCorr   +          Rampage  .    i - +0 pair of gloves
Will    .....                    p - +0 pair of boots
Stlth   +++.......               q - amulet of regeneration
HPRegen 0.97/turn                f - ring of resist corrosion
MPRegen 0.10/turn                F - ring of wizardry

@: no status effects
A: AC +6, unfitting armour, cold-blooded
a: no special abilities


You were on level 4 of the Dungeon.
You visited 1 branch of the dungeon, and saw 4 of its levels.

You collected 241 gold pieces.
You spent 161 gold pieces at shops.

Inventory:

Hand Weapons
 a - a +2 dagger (weapon)
Missiles
 d - 2 curare-tipped darts (quivered)
 e - 5 javelins
Armour
 i - a +0 pair of gloves (worn)
 p - a +0 pair of boots (worn)
 A - a +0 cloak of preservation (worn)
Jewellery
 f - a ring of resist corrosion (left hand)
 q - an amulet of regeneration (around neck)
 w - an amulet of faith
 F - a ring of wizardry (right hand)
Wands
 c - a wand of flame (19)
 B - a wand of digging (4)
Scrolls
 b - a scroll of brand weapon {unknown}
 h - a scroll of identify {unknown}
 k - 2 scrolls of enchant weapon {unknown}
 l - a scroll of poison {unknown}
 m - a scroll of butterflies {unknown}
 o - a scroll of amnesia {unknown}
 u - a scroll of fear {unknown}
 y - a scroll of blinking {unknown}
 z - a scroll of teleportation {unknown}
 C - a scroll of immolation {unknown}
 E - a scroll of torment {unknown}
Potions
 g - a potion of lignification {unknown}
 j - a potion of flight {unknown}
 n - 2 potions of degeneration {unknown}
 s - a potion of resistance {unknown}
 t - a potion of curing {unknown}
 v - a potion of brilliance {unknown}
 x - 2 potions of magic {unknown}
 D - a potion of heal wounds {unknown}


   Skills:
 + Level 3.1 Fighting
 + Level 4.0 Short Blades
 + Level 2.5 Throwing
 + Level 2.0 Dodging
 + Level 5.5 Stealth


You had 5 spell levels left.
You didn't know any spells.
Your spell library was empty.

Dungeon Overview and Level Annotations

Branches:
Dungeon (4/15)
 Temple: D:4-7

Altars:
Kikubaaqudgha

Shops:
D:3 [

Annotations:
D:4 Edmund


Innate Abilities, Weirdness & Mutations

Your plain brown scales are hard. (AC +6)
You cannot fit into any form of body armour.
You are cold-blooded and may be slowed by cold attacks.


Message History

Edmund hits you with a +4 flail of protection.
Unknown command.
You throw a poisoned dart.
The poisoned dart closely misses the goblin.
You kill the goblin!
Edmund hits you with a +4 flail of protection.
Throw: dart (poison)
Press: ? - help, Q - select action, (/) - cycle Shift-Dir - straight line, f - Edmund
Aim: Edmund, wielding a +4 flail of protection and wearing a +4 chain mail of cold resistance (moderately wounded, very poisoned, 67% to hit)
You throw a poisoned dart.
The poisoned dart closely misses Edmund.
Edmund hits you with a +4 flail of protection!
Throw: 3 darts (curare)
Press: ? - help, Q - select action, (/) - cycle Shift-Dir - straight line, f/p - Edmund
Aim: Edmund, wielding a +4 flail of protection and wearing a +4 chain mail of cold resistance (moderately wounded, very poisoned, 67% to hit)
You throw a curare-tipped dart.
The curare-tipped dart closely misses Edmund.
You hit Edmund but do no damage.
Edmund is moderately wounded.
Edmund closely misses you.
You hit Edmund but do no damage.
Edmund is moderately wounded.
Edmund hits you with a +4 flail of protection.
You hit Edmund.
Edmund is heavily wounded.
Edmund says, "A flail is better than a scythe, any day of the week!"
Edmund barely misses you.
Unknown command.
You hit Edmund but do no damage. You punch Edmund, but do no damage.
Edmund is heavily wounded.
Edmund hits you with a +4 flail of protection!
* * * LOW HITPOINT WARNING * * *
Unknown command.
Edmund attacks as you move away!
Edmund hits you with a +4 flail of protection!
* * * LOW HITPOINT WARNING * * *
Okay, then.
Edmund attacks as you move away!
Edmund hits you with a +4 flail of protection!
You die...

........#........#
........#........+
........#........#
........#........#
.####.#####'##..####### .
.####.####..##..###...###..
...........................
...........................
................@@.(.(...(.
...........>.......).......
.......(...................
..<.................?(.....
......................##...
.####.##....##...###+## ..
.####.##.... #...# .
........... ....#
..........


You could see Edmund (poisoned).

Vanquished Creatures
  Sigmund (D:2)
  An ice beast (D:4)
  Terence (D:2)
  3 adders
  4 worms
  3 dart slugs
  An orc (D:3)
  5 ball pythons
  4 endoplasms (D:2)
  A giant cockroach (D:2)
  6 goblins
  A hobgoblin (D:1)
  A quokka (D:2)
  9 bats
  4 frilled lizards
  3 kobolds
  4 rats
52 creatures vanquished.

Notes
Turn   | Place    | Note
-------+----------+-------------------------------------------
     0 | D:1      | xian the Draconian Brigand began the quest for the Orb.
     0 | D:1      | Reached XP level 1. HP: 17/17 MP: 1/1
   266 | D:1      | Reached skill level 4 in Stealth
   403 | D:1      | Reached XP level 2. HP: 25/25 MP: 2/2
   778 | D:2      | Found a faded altar of an unknown god.
   946 | D:2      | Reached XP level 3. HP: 28/30 MP: 3/3
   980 | D:2      | Noticed Sigmund
   997 | D:2      | Killed Sigmund
   998 | D:2      | Reached skill level 1 in Dodging
   998 | D:2      | Reached skill level 5 in Stealth
   998 | D:2      | Reached XP level 4. HP: 26/37 MP: 4/4
   998 | D:2      | Reached XP level 5. HP: 31/44 MP: 5/5
  1266 | D:2      | Noticed Terence
  1273 | D:2      | Killed Terence
  1602 | D:3      | Found Anigusan's Armour Emporium.
  1698 | D:3      | Bought a +0 cloak of preservation for 161 gold pieces
  1850 | D:3      | Reached XP level 6. HP: 50/50 MP: 6/6
  2005 | D:3      | Found an ancient bone altar of Kikubaaqudgha.
  2534 | D:4      | Noticed an ice beast
  2538 | D:4      | Killed an ice beast
  2573 | D:4      | Noticed Edmund
  2594 | D:4      | Slain by Edmund

Illustrated notes

Levels and vault maps discovered:
D:1:      dpeg_arrival_rhombus, layout_loops_ring, minmay_misc_feat_rugged
D:2:      layout_basic, hellmonk_ecumenical_altar_arch_garden,
          minmay_misc_feat_pillars, dk_vineyard_3, kennysheep_generic_room_4,
          uniq_terence, uniq_sigmund
D:3:      layout_basic, lemuel_zombie_altar_kikubaaqudgha, serial_shops,
          nicolae_shop_trees, minmay_circle_x
D:4:      layout_gridville, minmay_misc_feat_rows, minmay_ogre_servants,
          uniq_eustachio, uniq_edmund

Skill      XL: |  1  2  3  4  5  6 |
---------------+-------------------+-----
Stealth        | 4 5 |  5.5
Short Blades   | 3 4 |  4.0
Throwing       | 2 |  2.5
Dodging        | 1 2 |  2.0
Fighting       | 3 |  3.1

Action                   |  1- 3 |  4- 6 || total
-------------------------+-------+-------++-------
Melee: Dagger            |    62 |    70 ||   132
       Tailslap          |     5 |    11 ||    16
       Punch             |       |     1 ||     1
Throw: Dart              |    12 |     9 ||    21
       Javelin           |       |     3 ||     3
 Stab: Sleeping          |     4 |     5 ||     9
Armor: Skin              |    16 |    34 ||    50
Dodge: Dodged            |    36 |    48 ||    84

Table legend: (Time is in decaauts)
 A = Elapsed time spent in this place.
 B = Non-inter-level travel time spent in this place.
 C = Inter-level travel time spent in this place.
 D = Time resting spent in this place.
 E = Time spent auto-exploring this place.
 F = Levels seen in this place.
 G = Mean time per level.
                   A        B        C        D        E       F      G
               +--------+--------+--------+--------+--------+-----+--------+
         Total |   2573 |   2470 |    103 |      0 |   1780 |   4 |  643.2 |
       Dungeon |   2573 |   2470 |    103 |      0 |   1780 |   4 |  643.2 |
               +--------+--------+--------+--------+--------+-----+--------+

Top non-repeatable levels by time:
     D:2: 846 daAuts
     D:3: 811 daAuts
     D:1: 649 daAuts
     D:4: 266 daAuts
